 Dungeon Crawl Stone Soup version 0.28.0 (webtiles) character file.

Game seed: 10783984157635261926

21 Hasart the Firebug (level 2, -1/20 HPs)
             Began as a Demigod Fire Elementalist on Feb 9, 2022.
             Slain by a quokka (3 damage)
             ... on level 1 of the Dungeon.
             The game lasted 00:01:56 (696 turns).

Hasart the Firebug (Demigod Fire Elementalist)       Turns: 696, Time: 00:01:57

Health: -1/20      AC:  2    Str:  9    XL:     2   Next: 45%
Magic:  1/7        EV: 12    Int: 17    God:
Gold:   27         SH:  0    Dex: 14    Spells: 2/5 levels left

rFire   . . .      SeeInvis .   (no weapon)
rCold   . . .      Faith    .   (no shield)
rNeg    . . .      Spirit   .   a - +0 robe
rPois   .          Reflect  .   (no helmet)
rElec   .          Harm     .   (no cloak)
rCorr   .          Rampage  .   (no gloves)
Will    .....                   (no boots)
Stlth   ++........              (no amulet)
HPRegen 0.06/turn               (no ring)
MPRegen 0.10/turn               (no ring)

@: no status effects
A: high MP 1, forlorn, divine attributes
a: no special abilities


You were on level 1 of the Dungeon.
You visited 1 branch of the dungeon, and saw 1 of its levels.

You collected 27 gold pieces.

Inventory:

Armour
 a - a +0 robe (worn)
Scrolls
 b - a scroll of enchant armour {unknown}
 c - a scroll of silence {unknown}
Potions
 d - a potion of attraction {unknown}


   Skills:
 - Level 1.7 Dodging
 - Level 1.7 Stealth
 + Level 2.0 Spellcasting
 + Level 1.3 Conjurations
 * Level 3.2 Fire Magic


You had 2 spell levels left.
You knew the following spells:

 Your Spells              Type           Power      Damage    Failure   Level
a - Scorch                Fire           24%        2d6       8%          2
b - Foxfire               Conj/Fire      36%        2x1d5     8%          1

Your spell library contained the following spells:

 Spells                   Type           Power      Damage    Failure   Level
 Conjure Flame            Conj/Fire      9%         6-21      22%         3
 Inner Flame              Hex/Fire       7%         N/A       30%         3
 Flame Wave               Conj/Fire      9%         2d5       58%         4


Dungeon Overview and Level Annotations

Branches:
Dungeon (1/15)


Innate Abilities, Weirdness & Mutations

You have an increased reservoir of magic. (+10% MP)
You shall have no god before yourself.
Your divine heritage dramatically boosts your attributes as you level up.


Message History

The quokka's fire resistance burns away.
The quokka bites you. The quokka misses you.
You hit the quokka but do no damage.
The quokka is heavily wounded.
The quokka bites you.
You closely miss the quokka.
The quokka is heavily wounded.
The quokka barely misses you.
You closely miss the quokka.
The quokka is heavily wounded.
The quokka is no longer more vulnerable to fire.
The quokka bites you.
* * * LOW HITPOINT WARNING * * *
The quokka completely misses you.
Things that are here:
a +0 buckler; 8 gold pieces
Casting: Scorch (safe; 8% risk of failure)
Confirm with . or Enter, or press ? or * to list all spells.
You don't know that spell.
The quokka bites you.
* * * LOW HITPOINT WARNING * * *
There is an open door here.
You see here a giant cockroach corpse.
A jackal comes into view.
The quokka bites you.
* * * LOW HITPOINT WARNING * * *
Casting: Scorch (safe; 8% risk of failure)
Confirm with . or Enter, or press ? or * to list all spells.
You miscast Scorch.
You are very lightly contaminated with residual magic.
Nothing appears to happen.
The quokka completely misses you.
The quokka bites you but does no damage.
There is an open door here.
The quokka closely misses you.
Your magical contamination has completely faded away.
The quokka barely misses you.
Things that are here:
a +0 buckler; 8 gold pieces The quokka bites you.
You die...

≈≈≈≈≈..#.....#####'#.#...........
≈≈≈≈≈†.#.#'#.........#.##########
.≈≈≈≈≈##.#.#.........#...........
.≈≈≈....l#.#.>.......#...#.######
≈≈≈≈≈†####.#......)..#.......####
≈≈≈≈≈.. #.#....[....#........[##
≈≈≈≈≈≈.# #.#......P..#...........
≈..≈.... #.######r♣PP........#.#.
.....h##.#.####.@.P♣.......#.#...
.............†'..PP♣P♣.....#.####
.###.#####.####....♣♣......#.....
..h...♣♣♣ #...........÷......
##♣P.♣♣♣#######...........
♣PP.♣P♣........#........
♣♣P♣....######.#..######
♣..P.P♣## #.#..# ♣.♣.P♣♣ #.#..#


You could see a quokka.

Vanquished Creatures
  A dart slug (D:1)
  A ball python (D:1)
  An endoplasm (D:1)
  3 giant cockroaches (D:1)
  3 hobgoblins (D:1)
  2 jackals (D:1)
  A quokka (D:1)
  A frilled lizard (D:1)
  A goblin (D:1)
  2 rats (D:1)
16 creatures vanquished.

Vanquished Creatures (others)
  29 foxfires (D:1)
  3 plants (D:1)
32 creatures vanquished.

Grand Total: 48 creatures vanquished

Notes
Turn   | Place    | Note
-------+----------+-------------------------------------------
     0 | D:1      | Hasart the Demigod Fire Elementalist began the quest for
                  | the Orb.
     0 | D:1      | Reached XP level 1. HP: 14/14 MP: 5/5
   159 | D:1      | Reached skill level 1 in Conjurations
   315 | D:1      | Reached skill level 3 in Fire Magic
   413 | D:1      | Reached XP level 2. HP: 20/20 MP: 4/7
   423 | D:1      | Learned a level 2 spell: Scorch
   679 | D:1      | HP: 1/20 [quokka (1)]
   696 | D:1      | Slain by a quokka

Illustrated notes

Levels and vault maps discovered:
D:1:      minmay_arrival_jagged, layout_basic, chequers_ecumenical_altar_island,
          serial_forest, infiniplex_forest_clump_diagonal,
          infiniplex_forest_clump_C, infiniplex_forest_lined_3,
          infiniplex_forest_end_2, infiniplex_forest_end_3,
          infiniplex_forest_end_double, infiniplex_forest_clump_small,
          infiniplex_forest_corner_1, infiniplex_forest_clump_C,
          infiniplex_forest_pool, minmay_misc_feat_diagonals

Skill      XL: |  1  2 |
---------------+-------+-----
Conjurations   | 1 |  1.3
Fire Magic     | 3 |  3.2
Spellcasting   | 2 |  2.0
Dodging        | |  1.7
Stealth        | |  1.7

Action                   || total
-------------------------++-------
Melee: Unarmed           ||     3
 Cast: Foxfire           ||    20
       Scorch            ||    10
Armor: Robe              ||     7
Dodge: Dodged            ||    41
